APL (24 & UNDER)
STATE COLLEGE SPIKES @ SCOTTSDALE SCORPIONS
04/27/2027
 
TOP OF THE 1ST
State College Spikes batting - Pitching for Scottsdale Scorpions : LHP Eric Fisher
Pitching: LHP Eric Fisher
Batting: RHB Nick Mackin 0-0: DOUBLE (Line Drive, 78D)
Batting: SHB Greg Butterfield 0-0: Ball
1-0: Ground out 5-3 (Groundball, 56S)
Nick Mackin to third
Batting: RHB Blair Whitehead 0-0: Ball
1-0: Called Strike
1-1: Foul Ball, location: 2F
1-2: Fly out, F8 (Line Drive, 8RM)
Runner from 3rd tags up, SCORES, no throw
Batting: RHB Mike Ingram 0-0: SINGLE (Groundball, 56S) (infield hit)
Batting: LHB Rod Blevins 0-0: Ball
1-0: Foul Ball, location: 2F
1-1: Foul Ball, location: 2F
1-2: Ball
2-2: Fly out, F7 (Line Drive, 7D)
Top of the 1st over - 1 run(s), 2 hit(s), 0 error(s), 1 left on base; State College 1 - Scottsdale 0
BOTTOM OF THE 1ST
Scottsdale Scorpions batting - Pitching for State College Spikes : RHP Chris Mitchell
Pitching: RHP Chris Mitchell
Batting: LHB Ernesto Hernández 0-0: Called Strike
0-1: Ball
1-1: Ground out 1-3 (Groundball, P)
Batting: LHB Alberto Roberts 0-0: Ball
1-0: Fly out, F7 (Flyball, 78S)
Batting: RHB Lúcio Ramírez 0-0: Foul Ball, location: 2F
0-1: Called Strike
0-2: Ball
1-2: Foul Ball, location: 2F
1-2: Fly out, F7 (Line Drive, 78M)
Bottom of the 1st over - 0 run(s), 0 hit(s), 0 error(s), 0 left on base; State College 1 - Scottsdale 0
TOP OF THE 2ND
State College Spikes batting - Pitching for Scottsdale Scorpions : LHP Eric Fisher
Batting: RHB Scott Lee 0-0: Fly out, F4 (Popup, 4MD)
Batting: RHB Matt Tucker 0-0: Called Strike
0-1: Ball
1-1: Foul Ball, location: 2F
1-2: Strikes out swinging
Batting: RHB Joaquín Vásquez 0-0: Called Strike
0-1: Reached on error, E4 (Groundball, 34)
Batting: RHB Alonzo Herrera 0-0: Ball
1-0: Foul Ball, location: 2F
1-1: Foul Ball, location: 2F
1-2: Foul Ball, location: 2F
1-2: Hit by Pitch
Joaquín Vásquez to second
Batting: RHB Nick Mackin 0-0: Ball
1-0: Fly out, F9 (Flyball, 9)
Top of the 2nd over - 0 run(s), 0 hit(s), 1 error(s), 2 left on base; State College 1 - Scottsdale 0
BOTTOM OF THE 2ND
Scottsdale Scorpions batting - Pitching for State College Spikes : RHP Chris Mitchell
Batting: LHB Sergio Fernández 0-0: Called Strike
0-1: Called Strike
0-2: Strikes out swinging
Batting: SHB Arnold Moore 0-0: Ball
1-0: Called Strike
1-1: Ball
2-1: SINGLE (Line Drive, 56)
Batting: RHB Sergio Domínguez 0-0: Ball
1-0: Ball
2-0: Grounds into double play, 5-4-3 (Groundball, 5)
Bottom of the 2nd over - 0 run(s), 1 hit(s), 0 error(s), 0 left on base; State College 1 - Scottsdale 0
TOP OF THE 3RD
State College Spikes batting - Pitching for Scottsdale Scorpions : LHP Eric Fisher
Batting: SHB Greg Butterfield 0-0: Swinging Strike
0-1: Ball
1-1: Foul Ball, location: 2F
1-2: Ground out 6-3 (Groundball, 6S)
Batting: RHB Blair Whitehead 0-0: Called Strike
0-1: Ball
1-1: Foul Ball, location: 2F
1-2: Ball
2-2: Ground out 6-3 (Groundball, 6)
Batting: RHB Mike Ingram 0-0: Ball
1-0: SINGLE (Line Drive, 5D)
Batting: LHB Rod Blevins 0-0: Called Strike
0-1: Ball
1-1: Ball
2-1: SINGLE (Flyball, 7S)
Mike Ingram to second
Batting: RHB Scott Lee 0-0: Ball
1-0: Foul Ball, location: 2F
1-1: Foul Ball, location: 2F
1-2: Ground out 6-3 (Groundball, 56)
Top of the 3rd over - 0 run(s), 2 hit(s), 0 error(s), 2 left on base; State College 1 - Scottsdale 0
BOTTOM OF THE 3RD
Scottsdale Scorpions batting - Pitching for State College Spikes : RHP Chris Mitchell
Batting: RHB Ronald Smith 0-0: Called Strike
0-1: Ball
1-1: Fly out, F8 (Flyball, 78M)
Batting: RHB Jaime Delgado 0-0: Foul Ball, location: 2F
0-1: Swinging Strike
0-2: Strikes out swinging
Batting: RHB Robinson Fernández 0-0: Called Strike
0-1: Ball
1-1: Ground out 4-3 (Groundball, 4M)
Bottom of the 3rd over - 0 run(s), 0 hit(s), 0 error(s), 0 left on base; State College 1 - Scottsdale 0
TOP OF THE 4TH
State College Spikes batting - Pitching for Scottsdale Scorpions : LHP Eric Fisher
Batting: RHB Matt Tucker 0-0: Called Strike
0-1: Ground out 1-3 (Groundball, 15)
Batting: RHB Joaquín Vásquez 0-0: Ball
1-0: Called Strike
1-1: Called Strike
1-2: Strikes out swinging
Batting: RHB Alonzo Herrera 0-0: Fly out, F9 (Flyball, 9S)
Top of the 4th over - 0 run(s), 0 hit(s), 0 error(s), 0 left on base; State College 1 - Scottsdale 0
BOTTOM OF THE 4TH
Scottsdale Scorpions batting - Pitching for State College Spikes : RHP Chris Mitchell
Batting: LHB Ernesto Hernández 0-0: Ball
1-0: Ball
2-0: Ball
3-0: Fly out, F8 (Flyball, 8LD)
Batting: LHB Alberto Roberts 0-0: Called Strike
0-1: Foul Ball, location: 2F
0-2: Strikes out looking
Batting: RHB Lúcio Ramírez 0-0: Ball
1-0: Ball
2-0: Ball
3-0: Called Strike
3-1: Called Strike
3-2: Ground out 3-1 (Groundball, 34S)
Bottom of the 4th over - 0 run(s), 0 hit(s), 0 error(s), 0 left on base; State College 1 - Scottsdale 0
TOP OF THE 5TH
State College Spikes batting - Pitching for Scottsdale Scorpions : LHP Eric Fisher
Batting: RHB Nick Mackin 0-0: Fly out, F6 (Popup, 6D)
Batting: SHB Greg Butterfield 0-0: Ball
1-0: Ball
2-0: Called Strike
2-1: Swinging Strike
2-2: Ball
3-2: Strikes out looking
Batting: RHB Blair Whitehead 0-0: SINGLE (Line Drive, 89S)
Batting: RHB Mike Ingram 0-0: SINGLE (Line Drive, 34)
Blair Whitehead to second
Batting: LHB Rod Blevins 0-0: Ball
1-0: Foul Ball, location: 2F
1-1: Foul Ball, location: 2F
1-2: Strikes out swinging
Top of the 5th over - 0 run(s), 2 hit(s), 0 error(s), 2 left on base; State College 1 - Scottsdale 0
BOTTOM OF THE 5TH
Scottsdale Scorpions batting - Pitching for State College Spikes : RHP Chris Mitchell
Batting: LHB Sergio Fernández 0-0: Called Strike
0-1: Ball
1-1: Foul Ball, location: 2F
1-2: Ball
2-2: Ball
3-2: Foul Ball, location: 2F
3-2: Foul Ball, location: 2F
3-2: Strikes out swinging
Batting: SHB Arnold Moore 0-0: Ball
1-0: Ball
2-0: SINGLE (Flyball, 8LS)
Batting: RHB Sergio Domínguez 0-0: Called Strike
0-1: Swinging Strike
0-2: Foul Ball, location: 2F
0-2: Strikes out swinging
Batting: RHB Ronald Smith 0-0: Ball
1-0: Called Strike
1-1: Swinging Strike
1-2: Strikes out swinging
Bottom of the 5th over - 0 run(s), 1 hit(s), 0 error(s), 1 left on base; State College 1 - Scottsdale 0
TOP OF THE 6TH
State College Spikes batting - Pitching for Scottsdale Scorpions : LHP Eric Fisher
Batting: RHB Scott Lee 0-0: Ball
1-0: Swinging Strike
1-1: SINGLE (Flyball, 8RS)
Batting: RHB Matt Tucker 0-0: Ball
1-0: Fly out, F8 (Flyball, 8RS)
Batting: RHB Joaquín Vásquez 0-0: Ball
1-0: Reached on error, E5 (Groundball, 56)
Scott Lee to second
Batting: RHB Alonzo Herrera 0-0: DOUBLE (Line Drive, 7LM)
Scott Lee scores
Joaquín Vásquez to third
Runner from 3rd tries for Home, SAFE, no throw
Batting: RHB Nick Mackin 0-0: Ball
1-0: Foul Ball, location: 2F
1-1: Foul Ball, location: 2F
1-2: Ball
2-2: Foul Ball, location: 2F
2-2: SINGLE (Line Drive, 56D)
Alonzo Herrera to third
Batting: SHB Greg Butterfield 0-0: Foul Ball, location: 2F
0-1: Ball
1-1: Ball
2-1: Called Strike
2-2: Strikes out swinging
Pitching: RHP José Alvarado
Batting: RHB Blair Whitehead 0-0: Called Strike
0-1: Ball
1-1: Foul Ball, location: 2F
1-2: Ball
2-2: Foul Ball, location: 2F
2-2: Foul Ball, location: 2F
2-2: Ball
3-2: SINGLE (Line Drive, 89S)
Alonzo Herrera scores
Nick Mackin to second
Nick Mackin to third
Batting: RHB Mike Ingram 0-0: Ball
1-0: Ball
2-0: Swinging Strike
2-1: Foul Ball, location: 2F
2-2: Fly out, F7 (Line Drive, 7S)
Top of the 6th over - 3 run(s), 4 hit(s), 1 error(s), 2 left on base; State College 4 - Scottsdale 0
BOTTOM OF THE 6TH
Scottsdale Scorpions batting - Pitching for State College Spikes : RHP Chris Mitchell
Batting: RHB Jaime Delgado 0-0: Ball
1-0: Ball
2-0: Fly out, F8 (Line Drive, 8LM)
Batting: RHB Robinson Fernández 0-0: Foul Ball, location: 2F
0-1: Ball
1-1: Ground out 4-3 (Groundball, 4)
Batting: LHB Ernesto Hernández 0-0: Ball
1-0: Ball
2-0: Ball
3-0: Called Strike
3-1: Foul Ball, location: 2F
3-2: Strikes out swinging
Bottom of the 6th over - 0 run(s), 0 hit(s), 0 error(s), 0 left on base; State College 4 - Scottsdale 0
TOP OF THE 7TH
State College Spikes batting - Pitching for Scottsdale Scorpions : RHP José Alvarado
Batting: LHB Rod Blevins 0-0: Called Strike
0-1: Fly out, F7 (Flyball, 7D)
Batting: RHB Scott Lee 0-0: SOLO HOME RUN (Line Drive, 7LD), Distance : 313 ft
Batting: RHB Matt Tucker 0-0: Swinging Strike
0-1: Ball
1-1: Ball
2-1: Swinging Strike
2-2: Ball
3-2: Base on Balls
Batting: RHB Joaquín Vásquez 0-0: Called Strike
0-1: Swinging Strike
0-2: Ball
1-2: Ball
2-2: Ball
3-2: Base on Balls
Matt Tucker to second
Batting: RHB Alonzo Herrera 0-0: Ball
1-0: Foul Ball, location: 2F
1-1: Ball
2-1: Foul Ball, location: 2F
2-2: Strikes out swinging
Batting: RHB Nick Mackin 0-0: Ball
1-0: Ball
2-0: Ball
3-0: Base on Balls
Matt Tucker to third
Joaquín Vásquez to second
Batting: SHB Greg Butterfield 0-0: Fielders Choice at 2nd, 4-6 (Groundball, 4)
Top of the 7th over - 1 run(s), 1 hit(s), 0 error(s), 2 left on base; State College 5 - Scottsdale 0
BOTTOM OF THE 7TH
Scottsdale Scorpions batting - Pitching for State College Spikes : RHP Chris Mitchell
Batting: LHB Alberto Roberts 0-0: Ball
1-0: Ball
2-0: Ball
3-0: Foul Ball, location: 2F
3-1: Ground out U3 (Groundball, 34)
Batting: RHB Lúcio Ramírez 0-0: Foul Ball, location: 2F
0-1: Foul Ball, location: 2F
0-2: Ball
1-2: Strikes out swinging
Batting: LHB Sergio Fernández 0-0: Foul Ball, location: 2F
0-1: Ball
1-1: Ground out U3 (Groundball, 3)
Bottom of the 7th over - 0 run(s), 0 hit(s), 0 error(s), 0 left on base; State College 5 - Scottsdale 0
TOP OF THE 8TH
State College Spikes batting - Pitching for Scottsdale Scorpions : RHP José Alvarado
Batting: RHB Blair Whitehead 0-0: Fly out, F9 (Line Drive, 9)
Batting: RHB Mike Ingram 0-0: Ball
1-0: Ball
2-0: Fly out, F9 (Flyball, 9D)
Batting: LHB Rod Blevins 0-0: Foul Ball, location: 2F
0-1: Swinging Strike
0-2: Ball
1-2: Ground out 6-3 (Groundball, 6M)
Top of the 8th over - 0 run(s), 0 hit(s), 0 error(s), 0 left on base; State College 5 - Scottsdale 0
BOTTOM OF THE 8TH
Scottsdale Scorpions batting - Pitching for State College Spikes : RHP Chris Mitchell
Pitching: LHP Alberto Ruíz
Batting: SHB Arnold Moore 0-0: Called Strike
0-1: SINGLE (Groundball, 5D)
Batting: RHB Sergio Domínguez 0-0: Ball
1-0: Swinging Strike
1-1: Swinging Strike
1-2: Strikes out swinging
Batting: RHB Ronald Smith 0-0: Foul Ball, location: 2F
0-1: Ball
1-1: Foul Ball, location: 2F
1-2: Ball
2-2: Ball
3-2: Foul Ball, location: 2F
3-2: Base on Balls
Arnold Moore to second
Batting: RHB Jaime Delgado 0-0: Ball
1-0: Swinging Strike
1-1: Called Strike
1-2: DOUBLE (Line Drive, 78D)
Arnold Moore scores
Ronald Smith to third
Runner from 3rd tries for Home, SAFE, throw made home
Pitching: RHP Tomás Hurtado
Batting: RHB Robinson Fernández 0-0: Called Strike
0-1: Ground out 6-3 (Groundball, 6)
Jaime Delgado to third
Batting: LHB Ernesto Hernández 0-0: Ball
1-0: Swinging Strike
1-1: Swinging Strike
1-2: 2-RUN HOME RUN (Flyball, 9LD), Distance : 324 ft
Batting: LHB Alberto Roberts 0-0: DOUBLE (Flyball, 9LM)
Pinch Hitting: LHB José Garza 0-0: Ground out 4-3 (Groundball, 4)
Bottom of the 8th over - 4 run(s), 4 hit(s), 0 error(s), 1 left on base; State College 5 - Scottsdale 4
TOP OF THE 9TH
State College Spikes batting - Pitching for Scottsdale Scorpions : RHP José Alvarado
Pitching: RHP Jesús Ramírez
Now at SS: Ricardo Gutiérrez
Batting: RHB Scott Lee 0-0: Called Strike
0-1: Foul Ball, location: 2F
0-2: Strikes out swinging
Batting: RHB Matt Tucker 0-0: Ball
1-0: Foul Ball, location: 2F
1-1: Ball
2-1: Foul Ball, location: 2F
2-2: Foul Ball, location: 2F
2-2: Ball
3-2: Strikes out looking
Batting: RHB Joaquín Vásquez 0-0: Ball
1-0: Swinging Strike
1-1: Ball
2-1: Foul Ball, location: 2F
2-2: SINGLE (Line Drive, 34)
Pinch Hitting: RHB Nick Harris 0-0: Ball
1-0: Foul Ball, location: 2F
1-1: Foul Ball, location: 2F
1-2: Foul Ball, location: 2F
1-2: Ball
2-2: Ball
3-2: Ground out 4-3 (Groundball, 4)
Top of the 9th over - 0 run(s), 1 hit(s), 0 error(s), 1 left on base; State College 5 - Scottsdale 4
BOTTOM OF THE 9TH
Scottsdale Scorpions batting - Pitching for State College Spikes : RHP Tomás Hurtado
Pitching: RHP Manuel Montoya
Now in CF: Nick Harris
Batting: LHB Sergio Fernández 0-0: Ball
1-0: Fly out, F7 (Flyball, 7LS)
Batting: SHB Arnold Moore 0-0: Ball
1-0: Foul Ball, location: 2F
1-1: Swinging Strike
1-2: Ball
2-2: Foul Ball, location: 2F
2-2: Foul Ball, location: 2F
2-2: Strikes out swinging passed ball, reaches first!
Batting: RHB Sergio Domínguez 0-0: Ground out 4-3 (Groundball, 4MS)
Arnold Moore to second
Pinch Hitting: RHB Edgardo Gonzáles 0-0: Fly out, F9 (Flyball, 9)
Bottom of the 9th over - 0 run(s), 0 hit(s), 0 error(s), 1 left on base; State College 5 - Scottsdale 4
Thursday, March 30th, 2017 - OOTP Baseball 17.12 Build 75